Map: Thunderbird LE

Players

Vindicta - Winner!

  • Race: Terran Terran
  • Spawn Location: 5:00

TurkeyDano

  • Race: Protoss Protoss
  • Spawn Location: 11:00

VOD

Have the link to the VOD?

Description

Time

  • Played on: Sept. 6, 2019, 5 p.m.
  • Length: 8:35
Show
View Real Time Build Order
Export as new Build Order

Vindicta Terran - Winner!

Build Orders: Liberator Opening, Reaper Expand 

Get SALT Encoding   

  12  0:02  SCV  
  13  0:14  SCV  
  13  0:18  Supply Depot  
  14  0:26  SCV  
  15  0:39  SCV  
  15  0:41  Barracks  
  16  0:45  Refinery  
  16  0:51  SCV  
  17  1:04  SCV  
  18  1:16  SCV  
  19  1:27  Reaper  
  19  1:28  Orbital Command  
  20  1:44  Command Center  
  20  1:53  SCV  
  21  1:55  Supply Depot  
  21  1:59  Marine  
  22  2:06  SCV  
  23  2:11  Factory  
  23  2:18  SCV  
  23  2:22  Barracks Reactor, Refinery  
  24  2:30  SCV  
  25  2:42  SCV  
  26  2:54  SCV  
  26  2:55  Widow Mine  
  26  2:57  Orbital Command  
  26  2:58  Marine x2  
  29  3:00  Starport  
  31  3:06  SCV  
  31  3:11  Supply Depot  
  32  3:16  Marine x2  
  32  3:18  Widow Mine, SCV  
  37  3:23  SCV  
  38  3:33  SCV  
  38  3:34  Marine x2  
  39  3:35  SCV  
  39  3:39  Widow Mine, Medivac  
  45  3:42  Engineering Bay  
  45  3:45  SCV  
  45  3:48  SCV  
  47  3:49  Supply Depot  
  47  3:52  Liberator  
  47  3:53  Marine x2  
  49  3:57  SCV  
  49  4:00  SCV  
  51  4:09  SCV  
  53  4:11  Marine  
  53  4:15  Marine  
  53  4:19  SCV, Factory Tech Lab  
  53  4:22  Missile Turret, SCV  
  53  4:24  Barracks x2  
  55  4:27  Bunker  
  55  4:28  Marine  
  56  4:36  SCV  
  56  4:38  Siege Tank  
  61  4:41  Bunker  
  61  4:44  Supply Depot  
  58  4:46  SCV  
  58  4:47  Marine x2  
  58  4:48  SCV  
  62  4:58  Terran Infantry Weapons Level 1  
  62  5:02  Refinery  
  62  5:04  Starport Reactor  
  62  5:05  SCV x2, Marine  
  62  5:07  Supply Depot  
  65  5:17  Command Center, SCV  
  66  5:21  SCV  
  66  5:24  Barracks Tech Lab  
  66  5:25  Stimpack, Factory Reactor  
  67  5:30  Supply Depot, Marauder  
  67  5:31  SCV  
  67  5:33  SCV  
  71  5:38  Marine x2  
  71  5:42  Combat Shield, Refinery  
  73  5:46  Marine  
  73  5:47  SCV  
  75  5:51  Marauder  
  75  5:52  Supply Depot  
  77  5:57  SCV  
  77  6:03  Widow Mine x2  
  80  6:04  Marauder  
  80  6:07  Marine  
  80  6:09  SCV  
  80  6:10  Barracks x2, SCV  
  83  6:13  Medivac  
  83  6:15  Medivac  
  83  6:16  Supply Depot  
  87  6:19  Marauder  
  87  6:21  SCV  
  87  6:25  Widow Mine  
  94  6:26  Marauder  
  94  6:29  Widow Mine  
  94  6:31  SCV  
  97  6:39  Marine x2  
  97  6:40  Marauder, SCV  
  97  6:44  SCV  
  100  6:47  Marauder, Supply Depot  
  100  6:49  Widow Mine  
  100  6:52  SCV  
  100  6:53  Orbital Command  
  103  6:56  Marine  
  103  6:57  SCV  
  103  6:58  Barracks Reactor  
  105  7:01  Concussive Shells  
  105  7:02  Marauder  
  105  7:04  SCV, Marine  
  111  7:08  Marauder  
  111  7:09  SCV  
  111  7:14  Supply Depot, Marine  
  113  7:16  SCV  
  113  7:18  Widow Mine  
  113  7:19  SCV  
  113  7:21  Marine, SCV  
  113  7:22  Barracks Tech Lab  
  119  7:23  Marauder  
  120  7:30  Marauder  
  120  7:31  SCV  
  120  7:32  Marine, SCV  
  120  7:34  SCV  
  114  7:38  Armory  
  114  7:39  Engineering Bay, Marine  
  114  7:40  Widow Mine, Marine  
  114  7:42  Marine  
  114  7:43  SCV  
  115  7:44  SCV  
  115  7:45  Marauder  
  115  7:50  Marine  
  114  7:51  Marauder  
  114  7:52  Medivac  
  114  7:53  SCV  
  110  7:58  SCV  
  110  8:00  SCV  
  110  8:05  SCV  
  112  8:09  Marauder, Marine x2  
  112  8:11  SCV  
  112  8:12  SCV  
  111  8:16  Refinery x2  
  111  8:17  SCV  
Show
View Real Time Build Order
Export as new Build Order

TurkeyDano Protoss 

Build Orders: 1 Gate Expand, Blink Stalkers 

Get SALT Encoding   

  12  0:00  Probe  
  13  0:12  Probe  
  14  0:17  Pylon  
  14  0:23  Probe  
  15  0:31  Probe  
  16  0:37  Gateway  
  16  0:39  Probe  
  17  0:51  Probe  
  17  0:52  Assimilator  
  18  1:03  Probe  
  19  1:15  Probe  
  20  1:23  Nexus  
  20  1:31  Cybernetics Core  
  20  1:34  Probe  
  20  1:39  Assimilator  
  21  1:46  Pylon  
  21  1:49  Probe  
  22  1:58  Stalker  
  22  2:01  Probe  
  23  2:07  Warp Gate  
  25  2:13  Probe  
  26  2:22  Twilight Council, Stalker  
  26  2:25  Probe  
  29  2:36  Probe  
  30  2:37  Probe  
  31  2:48  Probe  
  31  2:49  Probe  
  33  2:53  Blink  
  33  2:54  Stalker  
  35  3:00  Probe  
  35  3:01  Probe  
  37  3:12  Probe  
  38  3:14  Probe  
  39  3:24  Probe  
  39  3:26  Probe  
  41  3:31  Robotics Facility  
  41  3:36  Gateway, Probe  
  41  3:38  Gateway, Probe  
  43  3:45  Pylon  
  43  3:48  Probe  
  43  3:50  Probe  
  45  4:01  Nexus  
  45  4:02  Probe  
  46  4:06  Probe  
  47  4:15  Observer  
  47  4:18  Probe x2  
  50  4:29  Stalker  
  50  4:30  Probe  
  53  4:37  Charge  
  51  4:39  Probe  
  51  4:42  Probe  
  51  4:43  Observer  
  54  4:49  Pylon  
  54  4:54  Gateway  
  54  4:56  Gateway  
  54  4:58  Gateway  
  54  5:01  Assimilator  
  54  5:07  Warp Prism, Probe x2  
  49  5:14  Stalker x2  
  49  5:16  Probe  
  49  5:19  Probe x2  
  56  5:28  Probe  
  56  5:31  Probe x2  
  56  5:34  Stalker  
  56  5:41  Probe x2  
  56  5:43  Probe  
  56  5:49  Probe  
  58  5:53  Probe  
  58  5:55  Probe  
  54  5:58  Probe  
  54  6:00  Stalker  
  54  6:02  Stalker  
  54  6:03  Probe  
  56  6:05  Probe  
  56  6:07  Observer  
  56  6:11  Probe x2  
  59  6:13  Probe  
  61  6:18  Zealot x3  
  61  6:19  Probe  
  61  6:22  Probe  
  61  6:23  Probe  
  70  6:31  Probe  
  71  6:34  Probe  
  71  6:35  Probe  
  72  6:45  Probe  
  73  6:48  Zealot x2  
  73  6:51  Pylon  
  73  6:52  Pylon  
  77  6:54  Pylon  
  77  6:59  Forge  
  77  7:00  Forge  
  77  7:09  Probe x3  
  77  7:12  Zealot x4  
  88  7:21  Probe  
  89  7:33  Zealot x6  
  81  7:54  Zealot x6  
  56  8:15  Zealot x4  
  56  8:17  Probe x2  
  53  8:28  Gateway  
  53  8:30  Gateway  
  53  8:32  Gateway  
Tags
 
Add a new tag
Caveats
  • Supply blocks, unpowered buildings, or Contaminate may cause inaccurate times.
  • Supply counts are checked every 10 seconds.